 Dungeon Crawl Stone Soup version 0.22.0-60-ga52c2fc (webtiles) character file.

92 Merlin the Vexing (level 4, -2/32 HPs)
             Began as a Gnoll Wanderer on Sept 9, 2018.
             Was an Initiate of Vehumet.
             Slain by an adder (5 damage)
             ... on level 3 of the Dungeon.
             The game lasted 00:14:24 (3400 turns).

Merlin the Vexing (Gnoll Wanderer)                  Turns: 3400, Time: 00:14:27

Health: -2/32      AC:  3    Str: 14    XL:     4   Next: 60%
Magic:  9/9        EV: 13    Int: 18    God:    Vehumet [......]
Gold:   101        SH:  4    Dex: 14    Spells: 4/13 levels left

rFire    . . .     SeeInvis .   e - -1 dagger (curse)
rCold    . . .     Gourm    .   c - +0 buckler
rNeg     . . .     Faith    .   d - +0 robe
rPois    .         Spirit   .   (no helmet)
rElec    .         Reflect  .   l - +0 cloak
rCorr    .         Harm     .   (no gloves)
MR       +....     Rnd*Tele +   (no boots)
Stlth    ++........             (no amulet)
HPRegen  0.10/turn              h - +2 ring of intelligence
MPRegen  0.11/turn              o - ring of teleportation (curse)

@: lethally poisoned (-2 -> -7)
A: distributed training, fangs 1, low mp 1, magic resistance 1, strong nose
a: Renounce Religion


You were on level 3 of the Dungeon.
You worshipped Vehumet.
Vehumet was noncommittal.
You were not hungry.

You visited 1 branch of the dungeon, and saw 3 of its levels.

You collected 101 gold pieces.

Inventory:

Hand Weapons
 b - a +0 spear
 e - a cursed -1 dagger (weapon)
 g - a +0 war axe
Armour
 c - a +0 buckler (worn)
 d - a +0 robe (worn)
 l - a +0 cloak (worn)
Jewellery
 h - a +2 ring of intelligence (left hand)
 o - a cursed ring of teleportation (right hand)
Scrolls
 n - a scroll of immolation
Potions
 j - a potion of mutation
 k - a potion of magic {unknown}
 m - 2 potions of curing {unknown}
Comestibles
 f - 5 rations


   Skills:
 + Level 1.1 Fighting
 + Level 1.1 Short Blades
 + Level 1.1 Long Blades
 + Level 1.1 Axes
 + Level 1.1 Maces & Flails
 + Level 1.1 Polearms
 + Level 4.6 Staves
 + Level 1.1 Slings
 + Level 1.1 Bows
 + Level 1.1 Crossbows
 + Level 2.7 Throwing
 + Level 1.1 Armour
 + Level 2.7 Dodging
 + Level 1.1 Stealth
 + Level 2.7 Shields
 + Level 1.1 Unarmed Combat
 + Level 5.1 Spellcasting
 + Level 0.9 Conjurations
 + Level 5.4 Hexes
 + Level 0.9 Charms
 + Level 0.9 Summonings
 + Level 0.9 Necromancy
 + Level 0.9 Translocations
 + Level 0.9 Transmutations
 + Level 0.9 Fire Magic
 + Level 0.9 Ice Magic
 + Level 0.9 Air Magic
 + Level 0.9 Earth Magic
 + Level 0.9 Poison Magic
 + Level 1.2 Invocations
 + Level 1.1 Evocations


You had 4 spell levels left.
You knew the following spells:

 Your Spells              Type           Power        Failure   Level  Hunger
a - Corona                Hex            ###....      1%          1    None
b - Confuse               Hex            ###.....     4%          3    ##.....
c - Tukima's Dance        Hex            ###.....     4%          3    ##.....
d - Ensorcelled Hibernat  Hex/Ice        ###...       6%          2    #......

Your spell library contained the following spells:

 Spells                   Type           Power        Failure   Level  Hunger
 Dazzling Spray           Conj/Hex       ###...       12%         3    ##.....


Dungeon Overview and Level Annotations

Branches:
Dungeon (3/15)

Altars:
Trog
Vehumet
Yredelemnul
Zin


Innate Abilities, Weirdness & Mutations

Your experience applies equally to all skills.
You have very sharp teeth.
Your uncanny sense of smell can sniff out nearby items.
Your magical capacity is low. (-10% MP)
You are resistant to hostile enchantments. (MR+)


Message History

You barely miss the adder. The kobold hits you but does no damage.
You block the adder's attack.
You hit the adder but do no damage.
You feel less wooden.
Your +0 cloak unmelds from your body.
Your +0 robe unmelds from your body.
The adder misses you. The kobold hits you with a club.
You hit the adder.
The adder is moderately wounded.
The adder bites you.
You are more poisoned.
The adder poisons you! The kobold hits you with a club.
* * * LOW HITPOINT WARNING * * *
It was a potion of mutation.
You feel extremely strange.
You feel less energetic.
You feel resistant to hostile enchantments.
* * * LOW HITPOINT WARNING * * *
You feel sick. The adder bites you.
* * * LOW HITPOINT WARNING * * *
The adder bites you.
You die...

.. ∆ .# .##
.. .#
###+##'###
#...?K...#...
#...)@S......
#....†.......
#.^..........
#........#.##
#.....>..# #
#........#
#........#
#........#
#........#


You could see an adder and a kobold.

Vanquished Creatures
  3 adders
  A dart slug (D:1)
  A leopard gecko (D:2)
  2 ball pythons (D:1)
  4 bats
  4 giant cockroaches
  7 hobgoblins
  9 jackals
  5 frilled lizards
  7 goblins
  8 kobolds
  7 rats
58 creatures vanquished.

Notes
Turn   | Place    | Note
-------+----------+-------------------------------------------
     0 | D:1      | Merlin the Gnoll Wanderer began the quest for the Orb.
     0 | D:1      | Merlin set off with: a +0 spear, a +0 buckler, a +0 robe, a
                  | ration
     0 | D:1      | Reached XP level 1. HP: 13/13 MP: 6/6
    14 | D:1      | Learned a level 1 spell: Corona
   285 | D:1      | Reached XP level 2. HP: 19/19 MP: 4/7
   842 | D:1      | Reached XP level 3. HP: 16/25 MP: 9/9
  1009 | D:1      | Learned a level 3 spell: Confuse
  1013 | D:1      | Learned a level 3 spell: Tukima's Dance
  1133 | D:1      | Reached skill level 5 in Spellcasting
  1738 | D:2      | Reached skill level 1 in Invocations
  1949 | D:2      | Learned a level 2 spell: Ensorcelled Hibernation
  2043 | D:2      | Found a glowing silver altar of Zin.
  2044 | D:2      | Found a radiant altar of Vehumet.
  2046 | D:2      | Found a basalt altar of Yredelemnul.
  2478 | D:2      | Reached skill level 1 in Fighting
  2478 | D:2      | Reached skill level 1 in Short Blades
  2478 | D:2      | Reached skill level 1 in Long Blades
  2478 | D:2      | Reached skill level 1 in Axes
  2478 | D:2      | Reached skill level 1 in Maces & Flails
  2478 | D:2      | Reached skill level 1 in Polearms
  2478 | D:2      | Reached skill level 1 in Slings
  2478 | D:2      | Reached skill level 1 in Bows
  2478 | D:2      | Reached skill level 1 in Crossbows
  2478 | D:2      | Reached skill level 1 in Armour
  2478 | D:2      | Reached skill level 1 in Stealth
  2478 | D:2      | Reached skill level 1 in Unarmed Combat
  2478 | D:2      | Reached skill level 1 in Evocations
  2478 | D:2      | Reached XP level 4. HP: 4/32 MP: 11/11
  2791 | D:2      | Became a worshipper of Vehumet
  2831 | D:2      | Found a bloodstained altar of Trog.
  3400 | D:3      | Gained mutation: Your magical capacity is low. (-10% MP)
                  | [potion of mutation]
  3400 | D:3      | Gained mutation: You are resistant to hostile enchantments.
                  | (MR+) [potion of mutation]
  3400 | D:3      | Slain by an adder

Skill      XL: |  1  2  3 |
---------------+----------+-----
Spellcasting   | 5 |  5.1
Invocations    | 1 |  1.2
Fighting       | 1 |  1.1
Short Blades   | 1 |  1.1
Long Blades    | 1 |  1.1
Axes           | 1 |  1.1
Maces & Flails | 1 |  1.1
Polearms       | 1 |  1.1
Slings         | 1 |  1.1
Bows           | 1 |  1.1
Crossbows      | 1 |  1.1
Armour         | 1 |  1.1
Stealth        | 1 |  1.1
Unarmed Combat | 1 |  1.1
Evocations     | 1 |  1.1
Staves         | |  4.6
Throwing       | |  2.7
Dodging        | |  2.7
Shields        | |  2.7
Conjurations   | |  0.9
Hexes          | |  5.4
Charms         | |  0.9
Summonings     | |  0.9
Necromancy     | |  0.9
Translocations | |  0.9
Transmutations | |  0.9
Fire Magic     | |  0.9
Ice Magic      | |  0.9
Air Magic      | |  0.9
Earth Magic    | |  0.9
Poison Magic   | |  0.9

Action                   |  1- 3 |  4- 6 || total
-------------------------+-------+-------++-------
Melee: Dagger            |   289 |   165 ||   454
       Spear             |     7 |       ||     7
       Bite              |    35 |    14 ||    49
 Cast: Corona            |     8 |       ||     8
       Confuse           |     3 |     2 ||     5
  Use: Scroll            |     5 |     1 ||     6
       Potion            |     2 |     3 ||     5
 Stab: Sleeping          |     9 |       ||     9
       Distracted        |     1 |       ||     1
       Confused          |     1 |       ||     1
  Eat: Chunk             |     5 |     4 ||     9
Armor: Robe              |    43 |    31 ||    74
       Skin              |     4 |    42 ||    46
Dodge: Dodged            |   192 |   105 ||   297
Block: Buckler           |    63 |    46 ||   109
